 Dungeon Crawl Stone Soup version 0.25.1-2-g60ff931df9 (webtiles) character file.

Game seed: 12682200136109192712

30 pokeman the Magician (level 3, -4/20 HPs)
             Began as a Deep Elf Wizard on Oct 11, 2020.
             Killed from afar by Natasha (8 damage)
             ... with a puff of flame
             ... on level 2 of the Dungeon.
             The game lasted 00:02:28 (1329 turns).

pokeman the Magician (Deep Elf Wizard)              Turns: 1329, Time: 00:02:29

Health: -4/20      AC:  2    Str:  4    XL:     3   Next: 5%
Magic:  7/11       EV: 13    Int: 23    God:
Gold:   78         SH:  0    Dex: 13    Spells: 1/12 levels left

rFire    . . .     SeeInvis .   (no weapon)
rCold    . . .     Gourm    .   (no shield)
rNeg     . . .     Faith    .   a - +0 robe
rPois    .         Spirit   .   b - +0 hat
rElec    .         Reflect  .   (no cloak)
rCorr    .         Harm     .   (no gloves)
MR       .....                  (no boots)
Stlth    ++........             (no amulet)
HPRegen  0.06/turn              (no ring)
MPRegen  0.12/turn              (no ring)

@: no status effects
A: no striking features
a: no special abilities


You were on level 2 of the Dungeon.
You were not hungry.

You visited 1 branch of the dungeon, and saw 2 of its levels.

You collected 78 gold pieces.

Inventory:

Missiles
 g - 21 bolts
Armour
 a - a +0 robe (worn)
 b - a +0 hat (worn)
Scrolls
 c - 8 scrolls of identify {unknown}
 e - 3 scrolls of remove curse {unknown}
 f - a scroll of teleportation {unknown}
 j - a scroll of blinking {unknown}
Potions
 h - a potion of stabbing {unknown}
 i - a potion of brilliance {unknown}
 k - a potion of lignification {unknown}
Comestibles
 d - 3 rations
 l - 2 chunks of flesh


   Skills:
 + Level 0.8 Fighting
 + Level 0.7 Armour
 - Level 2.4 Dodging
 - Level 2.4 Stealth
 * Level 5.0 Spellcasting
 + Level 1.7 Conjurations
 - Level 1.1 Summonings
 - Level 1.1 Translocations


You had one spell level left.
You knew the following spells:

 Your Spells              Type           Power        Failure   Level  Hunger
a - Magic Dart            Conj           ##..         4%          1    None
b - Mephitic Cloud        Conj/Pois/Air  #.......     22%         3    ##.....
c - Call Imp              Summ           ##......     9%          2    None
d - Blink                 Tloc           N/A          9%          2    None
e - Conjure Flame         Conj/Fire      #.......     21%         3    ##.....

Your spell library contained the following spells:

 Spells                   Type           Power        Failure   Level  Hunger
 Slow                     Hex            #.......     14%         2    None


Dungeon Overview and Level Annotations

Branches:
Dungeon (2/15)

Altars:

Annotations:
D:2 Natasha


Message History

Natasha stares at you and mumbles some strange words.
The magic dart hits you.
* * * LOW HITPOINT WARNING * * *
Casting: Magic Dart (safe; 4% risk of failure)
Confirm with . or Enter, or press ? or * to list all spells.
Aiming: Magic Dart (safe; 4% risk of failure)
Press: ? - help, Shift-Dir - straight line, f/p - Natasha
Aim: Natasha, carrying a wand of flame (18) (lightly wounded)
The magic dart hits Natasha.
Natasha is moderately wounded.
Natasha drinks a potion.
Natasha flickers and vanishes!
Deactivating autopickup; reactivate with Ctrl-A.
Casting: Magic Dart (safe; 4% risk of failure)
Confirm with . or Enter, or press ? or * to list all spells.
You can't see any susceptible monsters within range! (Use Z to cast anyway.) Unknown command.
You hear a zap.
A puff of flame appears from out of thin air!
The puff of flame hits you!
You die...

#........# #. ..
#......#...# ..# #.
....####...# ..?##.
....# ##....#
#.{#.####..#.###.....##
.##....... .#..#.......#
........$# ..#.........#
#>.....$.###.###.......#
#.........@..>........##
#......)....)####.....##
#.......###...##.......#
#.......# #.#.##.......#
#.......# #............#
#.......# ##....#.....##
######### #....##...##
#....###### #....#


There were no monsters in sight!

Vanquished Creatures
  An adder (D:2)
  An ooze (D:1)
  A leopard gecko (D:1)
  3 bats (D:1)
  4 goblins
  2 hobgoblins (D:1)
  2 kobolds
  A frilled lizard (D:1)
  A rat (D:2)
16 creatures vanquished.

Notes
Turn   | Place    | Note
-------+----------+-------------------------------------------
     0 | D:1      | pokeman the Deep Elf Wizard began the quest for the Orb.
     0 | D:1      | Reached XP level 1. HP: 10/10 MP: 7/7
   474 | D:1      | Reached XP level 2. HP: 16/16 MP: 5/9
  1123 | D:2      | Reached skill level 5 in Spellcasting
  1216 | D:2      | Reached XP level 3. HP: 20/20 MP: 7/11
  1221 | D:2      | Learned a level 3 spell: Mephitic Cloud
  1224 | D:2      | Learned a level 2 spell: Call Imp
  1227 | D:2      | Learned a level 2 spell: Blink
  1231 | D:2      | Learned a level 3 spell: Conjure Flame
  1322 | D:2      | Noticed Natasha
  1329 | D:2      | Killed from afar by Natasha

Illustrated notes

Levels and vault maps discovered:
D:1:      dpeg_arrival_simpleton_c, layout_loops_cross, minivault_27
D:2:      wander_river, layout_rooms, first_ration, uniq_natasha, uniq_jessica

Skill      XL: |  1  2 |
---------------+-------+-----
Spellcasting   | 5 |  5.0
Fighting       | |  0.8
Armour         | |  0.7
Dodging        | |  2.4
Stealth        | |  2.4
Conjurations   | |  1.7
Summonings     | |  1.1
Translocations | |  1.1

Action                   || total
-------------------------++-------
Melee: Unarmed           ||     3
 Cast: Magic Dart        ||    45
  Eat: Chunk             ||     1
Armor: Robe              ||     1
Dodge: Dodged            ||     6
